 Dungeon Crawl Stone Soup version 0.28.0-1-gb440e238dd (webtiles) character file.

Game seed: 821163032079471352

46 Ablot the Grasshopper (level 3, -1/31 HPs)
             Began as a Gnoll Warper on Feb 21, 2022.
             Slain by a scorpion (4 damage)
             ... on level 2 of the Dungeon.
             The game lasted 00:02:12 (1718 turns).

Ablot the Grasshopper (Gnoll Warper)                Turns: 1718, Time: 00:02:13

Health: -1/31      AC:  3    Str: 12    XL:     3   Next: 66%
Magic:  7/9        EV: 12    Int: 12    God:
Gold:   51         SH:  0    Dex: 11    Spells: 10/12 levels left

rFire   + . .      SeeInvis .   a - +0 spear
rCold   x . .      Faith    .   (no shield)
rNeg    . . .      Spirit   .   b - +0 leather armour
rPois   .          Reflect  .   (no helmet)
rElec   .          Harm     .   (no cloak)
rCorr   .          Rampage  .   (no gloves)
Will    .....                   (no boots)
Stlth   +.........              (no amulet)
HPRegen 0.10/turn               i - ring of fire
MPRegen 0.11/turn               (no ring)

@: no status effects
A: fangs 1, strong nose, distributed training
a: no special abilities


You were on level 2 of the Dungeon.
You visited 1 branch of the dungeon, and saw 2 of its levels.

You collected 51 gold pieces.

Inventory:

Hand Weapons
 a - a +0 spear (weapon)
Missiles
 d - 5 boomerangs of dispersal (quivered)
 e - 8 poisoned darts
 h - 53 stones
 j - a throwing net
 k - 21 arrows
Armour
 b - a +0 leather armour (worn)
Jewellery
 i - a ring of fire (left hand)
Scrolls
 c - 4 scrolls of blinking
 g - a scroll of immolation {unknown}
Potions
 f - 2 potions of curing {unknown}
 l - a potion of brilliance {unknown}


   Skills:
 + Level 4.5 Fighting
 + Level 0.9 Short Blades
 + Level 0.9 Long Blades
 + Level 0.9 Axes
 + Level 0.9 Maces & Flails
 + Level 4.5 Polearms
 + Level 0.9 Staves
 + Level 0.9 Slings
 + Level 0.9 Bows
 + Level 0.9 Crossbows
 + Level 2.6 Throwing
 + Level 2.6 Armour
 + Level 4.5 Dodging
 + Level 0.9 Stealth
 + Level 0.9 Shields
 + Level 0.9 Unarmed Combat
 + Level 5.0 Spellcasting
 + Level 0.6 Conjurations
 + Level 0.6 Hexes
 + Level 0.6 Summonings
 + Level 0.6 Necromancy
 + Level 5.4 Translocations
 + Level 0.6 Transmutations
 + Level 0.6 Fire Magic
 + Level 0.6 Ice Magic
 + Level 0.6 Air Magic
 + Level 0.6 Earth Magic
 + Level 0.6 Poison Magic
 + Level 1.0 Invocations
 + Level 0.9 Evocations


You had 10 spell levels left.
You knew the following spells:

 Your Spells              Type           Power      Damage    Failure   Level
a - Blink                 Tloc           32%        N/A       4%          2

Your spell library contained the following spells:

 Spells                   Type           Power      Damage    Failure   Level
 Gell's Gravitas          Tloc           16%        N/A       9%          3
 Lesser Beckoning         Tloc           16%        N/A       9%          3
 Teleport Other           Tloc           16%        N/A       9%          3
 Manifold Assault         Tloc           16%        N/A       58%         5


Dungeon Overview and Level Annotations

Branches:
Dungeon (2/15)

Altars:


Innate Abilities, Weirdness & Mutations

You have very sharp teeth.
Your uncanny sense of smell can sniff out nearby items.
Your experience applies equally to all skills.


Message History

The jackal bites you but does no damage.
The jackal misses you. The scorpion barely misses you. The jackal bites you.
* * * LOW HITPOINT WARNING * * *
The jackal bites you.
* * * LOW HITPOINT WARNING * * *
Casting: Blink (safe; 4% risk of failure)
Confirm with . or Enter, or press ? or * to list all spells.
You blink.
You feel stable enough to blink again.
Your magical contamination has completely faded away.
You are too injured to fight recklessly!
You hit the jackal.
The jackal is moderately wounded.
The jackal barely misses you.
Unknown command.
You hit the jackal but do no damage. You bite the jackal.
The jackal is severely wounded.
The jackal bites you but does no damage.
The jackal barely misses you.
Unknown command.
You hit the jackal.
You kill the jackal!
The jackal barely misses you. The jackal bites you.
* * * LOW HITPOINT WARNING * * *
Unknown command.
You closely miss the scorpion. The jackal bites you.
* * * LOW HITPOINT WARNING * * *
You closely miss the scorpion. The scorpion barely misses you.
The jackal bites you.
* * * LOW HITPOINT WARNING * * *
The scorpion closely misses you.
You barely miss the scorpion. The jackal misses you.
You hit the scorpion but do no damage.
The jackal bites you but does no damage.
The scorpion splashes around in the water.
You hit the scorpion but do no damage. The jackal bites you.
* * * LOW HITPOINT WARNING * * *
The scorpion splashes around in the water.
The jackal barely misses you. The scorpion stings you.
You die...

...##................≈.
...###...............≈..
..........#.........≈≈..
#####...###.........≈≈≈.
#####...###........≈≈≈≈≈
.................≈≈≈≈§§§
...............≈≈≈≈≈≈§§≈
..........>....hs≈≈≈≈§≈§≈≈.......
......##..#.....@≈≈≈§§§≈≈≈.......
......###.#.##.....≈≈≈≈≈≈÷.......
.......##.#.#.......≈≈≈≈≈........
.......##.#.#........≈≈≈.........
.##....##...#..........≈.........
.#####+###..#..........≈.........
.................................
................#+#........##....
#..........>.##.........##.##....


You could see a scorpion and a jackal.

Vanquished Creatures
  An adder (D:2)
  A worm (D:2)
  A dart slug (D:1)
  An endoplasm (D:1)
  A giant cockroach (D:1)
  2 goblins (D:1)
  5 hobgoblins
  2 jackals (D:2)
  4 kobolds
  3 quokkas
  3 ball pythons
  3 bats
  A frilled lizard (D:2)
  2 rats (D:2)
30 creatures vanquished.

Vanquished Creatures (others)
  A bat (D:2)
  2 fungi (D:2)
  2 plants (D:2)
5 creatures vanquished.

Grand Total: 35 creatures vanquished

Notes
Turn   | Place    | Note
-------+----------+-------------------------------------------
     0 | D:1      | Ablot the Gnoll Warper began the quest for the Orb.
     0 | D:1      | Reached XP level 1. HP: 20/20 MP: 6/6
   332 | D:1      | Reached XP level 2. HP: 26/26 MP: 7/7
   541 | D:1      | You fall into a shaft and drop 1 floor!
   751 | D:2      | Reached skill level 5 in Spellcasting
   751 | D:2      | Reached XP level 3. HP: 20/31 MP: 7/9
   785 | D:2      | Learned a level 2 spell: Blink
  1201 | D:1      | Reached skill level 1 in Invocations
  1687 | D:2      | Noticed a scorpion
  1718 | D:2      | Slain by a scorpion

Illustrated notes

Levels and vault maps discovered:
D:1:      noname_arrival_rooms_in_the_neighbourhood, layout_basic
D:2:      layout_basic, basic_altar, shapermc_ecumenical_altar_petra,
          lemuel_old_faithful

Skill      XL: |  1  2  3 |
---------------+----------+-----
Spellcasting   | 5 |  5.0
Invocations    | 1 |  1.0
Fighting       | |  4.5
Short Blades   | |  0.9
Long Blades    | |  0.9
Axes           | |  0.9
Maces & Flails | |  0.9
Polearms       | |  4.5
Staves         | |  0.9
Slings         | |  0.9
Bows           | |  0.9
Crossbows      | |  0.9
Throwing       | |  2.6
Armour         | |  2.6
Dodging        | |  4.5
Stealth        | |  0.9
Shields        | |  0.9
Unarmed Combat | |  0.9
Conjurations   | |  0.6
Hexes          | |  0.6
Summonings     | |  0.6
Necromancy     | |  0.6
Translocations | |  5.4
Transmutations | |  0.6
Fire Magic     | |  0.6
Ice Magic      | |  0.6
Air Magic      | |  0.6
Earth Magic    | |  0.6
Poison Magic   | |  0.6
Evocations     | |  0.9

Action                   || total
-------------------------++-------
Melee: Spear             ||   128
       Bite              ||     7
       Punch             ||     2
 Cast: Blink             ||     1
 Stab: Sleeping          ||     2
Armor: Leather armour    ||    21
Dodge: Dodged            ||    57
